 Dungeon Crawl Stone Soup version 0.21-a0-338-g36cf2fc (webtiles) character file.

45 pichaelthompson the Skirmisher (level 3, -4/30 HPs)
             Began as a Demonspawn Berserker on Oct 3, 2017.
             Was a Believer of Trog.
             Slain by a worm (6 damage)
             ... on level 2 of the Dungeon.
             The game lasted 00:02:14 (1252 turns).

pichaelthompson the Skirmisher (DsBe)               Turns: 1252, Time: 00:02:15

Health: -4/30      AC:  5    Str: 17    XL:     3   Next: 42%
Magic:  3/3        EV: 11    Int:  8    God:    Trog [**....]
Gold:   21         SH:  0    Dex: 13    Spells: 2/2 levels left

rFire    . . .     SeeInvis .   a - +0 falchion
rCold    . . .     Gourm    .   (no shield)
rNeg     . . .     Faith    .   f - +0 ring mail
rPois    .         Spirit   .   (helmet restricted)
rElec    .         Reflect  .   (no cloak)
rCorr    .         Harm     .   (no gloves)
MR       .....                  (no boots)
Stlth    +.........             (no amulet)
HPRegen  0.10/turn              (no ring)
MPRegen  0.08/turn              (no ring)

@: no status effects
A: antennae 1
a: Berserk, Trog's Hand, Burn Spellbooks, Renounce Religion


You were on level 2 of the Dungeon.
You worshipped Trog.
Trog was pleased with you.
You were not hungry.

You visited 1 branch of the dungeon, and saw 2 of its levels.

You collected 21 gold pieces.

Inventory:

Hand Weapons
 a - a +0 falchion (weapon)
 k - a +0 hunting sling of freezing
Armour
 f - a +0 ring mail (worn)
Scrolls
 d - a scroll of enchant armour {unknown}
 e - 3 scrolls of identify {unknown}
 g - a scroll of teleportation {unknown}
 h - a scroll of fog {unknown}
 i - a scroll of immolation {unknown}
 p - 2 scrolls of blinking {unknown}
Potions
 b - 2 potions of flight {unknown}
 l - a potion of curing {unknown}
 o - a potion of lignification {unknown}
Comestibles
 c - 2 bread rations
 j - 2 royal jellies
 n - a meat ration


   Skills:
 * Level 3.7 Fighting
 + Level 3.0 Long Blades
 * Level 2.3 Armour
 * Level 2.1 Dodging
 + Level 0.1 Stealth


You had 2 spell levels left.
You didn't know any spells.

Dungeon Overview and Level Annotations

Branches:
Dungeon (2/15)

Altars:
Kikubaaqudgha
Trog
Wu Jian
The Shining One


Innate Abilities, Weirdness & Mutations

You have a pair of small antennae on your head.


Message History

The slug dart hits you!
Things that are here:
a short sword; a kobold corpse You see here a dagger.
You hit the dart slug but do no damage. The dart slug launches a dart at you.
The slug dart hits you!
* * * LOW HITPOINT WARNING * * *
You hit the dart slug but do no damage. You hit the dart slug but do no damage.
The dart slug closely misses you.
You riposte.
You hit the dart slug.
The dart slug is heavily wounded.
The worm bites you.
* * * LOW HITPOINT WARNING * * *
You slash the dart slug!
You kill the dart slug!
Trog accepts your kill.
Your Long Blades skill increases to level 3!
The worm bites you.
You die...

..# #......#### ..#
#.........## ..
#..........#
####.##.####..######
...#.##.##.........#
#.........#..####.#
##......####..#
.........w....#
._......))@...#
........#######
...⌠.._.# ..(.....#
........# ..._....#
##.[....# ####..##
#..


You could see a worm.

Vanquished Creatures
  A worker ant zombie (D:2)
  A worm (D:2)
  2 dart slugs (D:2)
  2 leopard geckos
  3 goblins
  3 jackals (D:2)
  A quokka (D:2)
  2 bats (D:1)
  3 frilled lizards (D:1)
  5 kobolds
  2 rats
25 creatures vanquished.

Notes
Turn   | Place    | Note
-------+----------+-------------------------------------------
     0 | D:1      | pichaelthompson the Demonspawn Berserker began the quest for the Orb.
     0 | D:1      | Reached XP level 1. HP: 18/18 MP: 1/1
   595 | D:1      | Gained mutation: You have a pair of small antennae on your head. [demonic ancestry]
   595 | D:1      | Reached XP level 2. HP: 24/24 MP: 2/2
   797 | D:2      | Found a glowing golden altar of the Shining One.
   812 | D:2      | Reached XP level 3. HP: 17/30 MP: 3/3
  1226 | D:2      | Found an ornate altar of the Wu Jian Council.
  1231 | D:2      | Found a bloodstained altar of Trog.
  1232 | D:2      | Found an ancient bone altar of Kikubaaqudgha.
  1241 | D:2      | Reached ** piety under Trog
  1252 | D:2      | Slain by a worm

Vault maps used:
D:1:      dpeg_arrival_arbitrary_a
D:2:      lemuel_crystal_altar, nicolae_overflow_crystal_walls,
          grunt_temple_overflow_open

Skill      XL: |  1  2  3 |
---------------+----------+-----
Armour         | 2 |  2.3
Dodging        | 2 |  2.1
Long Blades    | 3 |  3.0
Fighting       | |  3.7
Stealth        | |  0.1

Action                   || total
-------------------------++-------
Melee: Falchion          ||    82
Invok: Berserk           ||     1
  Eat: Chunk             ||     2
Armor: Ring mail         ||    43
Dodge: Dodged            ||    67
       Rpst.: Falchion   ||    20

Table legend:
 A = Spawn XP
 B = Non-spawn XP
 C = Spawn XP percentage of total XP
 D = Spawn monster count
 E = Non-spawn monster count
 F = Spawn count percentage of total count
 G = Total turns spent on level
                    A         B        C        D         E        F      G
               +---------+---------+-------+---------+---------+-------+---------
         Total |       0 |      65 |   0.0 |       0 |      25 |   0.0 |  1252
               +---------+---------+-------+---------+---------+-------+---------
           D:1 |       0 |      17 |   0.0 |       0 |      11 |   0.0 |   771
           D:2 |       0 |      48 |   0.0 |       0 |      14 |   0.0 |   481
               +---------+---------+-------+---------+---------+-------+---------
